 Dungeon Crawl Stone Soup version 0.16.0-8-gd9ae3a8 (webtiles) character file.

23 Nefaurd the Sneak (level 2, 0/24 HPs)
             Began as a Vampire Assassin on Mar 16, 2015.
             Slain by a goblin (1 damage)
             ... on level 2 of the Dungeon.
             The game lasted 00:06:22 (724 turns).

Nefaurd the Sneak (Vampire Assassin)                 Turns: 724, Time: 00:06:22

Health: 0/24       AC:  3    Str: 12    XL:     2   Next: 72%
Magic:  2/2        EV: 12    Int: 13    God:
Gold:   30         SH:  0    Dex: 15    Spells: 0 memorised, 1 level left

rFire  . . .     SeeInvis +     a - +2 dagger
rCold  . . .     Clarity  .     c - +0 robe
rNeg   + . .     SustAb   .     (no shield)
rPois  .         Gourm    .     (no helmet)
rElec  .         Spirit   .     d - +0 cloak
rCorr  .         Warding  .     (no gloves)
rMut   .         Stasis   .     (no boots)
MR     .....                    (no amulet)
Stlth  ++++......               (no ring)
                                (no ring)

@: lethally poisoned (0 -> -3), constricted, not resistant to hostile
enchantments, stealthy
A: bottle blood, fangs 3, see invisible, high mp 1, robust 1, strong 1,
unbreathing
a: no special abilities


You were on level 2 of the Dungeon.
You were not thirsty.

You visited 1 branch of the dungeon, and saw 2 of its levels.

You collected 30 gold pieces.

Inventory:

Hand weapons
 a - a +2 dagger (weapon)
 b - a +0 blowgun
Missiles
 e - 8 poisoned needles
 f - 2 curare-tipped needles
Armour
 c - a +0 robe (worn)
 d - a +0 cloak (worn)
Scrolls
 h - a scroll of amnesia {unknown}
Potions
 g - 2 potions of blood


   Skills:
 + Level 1.9 Fighting
 + Level 2.2 Short Blades
 + Level 1.8 Throwing
 + Level 1.1 Dodging
 + Level 6.8 Stealth


You had one spell level left.
You didn't know any spells.

Dungeon Overview and Level Annotations

Branches:
Dungeon (2/15)

Altars:

Annotations:
D:2 Jessica


Innate Abilities, Weirdness & Mutations

You can bottle blood from corpses.
You have razor-sharp teeth.
You have supernaturally acute eyesight.
You can survive without breathing.
You have an increased reservoir of magic (+10% MP).
You are robust (+10% HP).
Your muscles are strong. (Str +2)


Message History

The adder barely misses you.
You feel sick. The adder closely misses you.
There is a stone staircase leading up here.
The adder bites you but does no damage. The ball python bites you.
* * * LOW HITPOINT WARNING * * *
The ball python grabs you.
You stop ascending the stairs.
* * * LOW HITPOINT WARNING * * *
The ball python constricts you.
Unknown command.
Your attempt to break free from the ball python fails, but you feel that another attempt might succeed.
The adder completely misses you.
The ball python bites you but does no damage.
* * * LOW HITPOINT WARNING * * *
The ball python constricts you. The goblin hits you.
* * * LOW HITPOINT WARNING * * *
Drink which item? (? for menu, Esc to quit)
Yummy - fresh blood!
The adder bites you but does no damage.
The ball python bites you but does no damage.
The ball python constricts you. The goblin hits you.
You die...

...... ..##.# #######..#.#
#...##.#.#.###+###
#......#..........
#####+#...##(##.........
........................
........#S..####.........
........@..>..###........
#######+#Sg.##.# #........
........#...##.# ##.##.###
........#...##.# #..#.#
.........#...##.#####.#.#
.......@g##.###.#.......###
.#####.#.#......#.#........
# #.....#### #........
#.....# #........


You could see an adder, a goblin and a ball python.

Vanquished Creatures
  A giant mite (D:2)
  A giant gecko (D:1)
  2 bats (D:1)
  2 hobgoblins (D:1)
  A giant cockroach (D:1)
  2 giant newts (D:1)
  2 goblins (D:1)
  2 kobolds (D:1)
  2 rats (D:1)
15 creatures vanquished.

Notes
Turn   | Place    | Note
--------------------------------------------------------------
     0 | D:1      | Nefaurd, the Vampire Assassin, began the quest for the Orb.
     0 | D:1      | Reached XP level 1. HP: 16/16 MP: 1/1
     2 | D:1      | Noticed a minotaur
     4 | D:1      | Noticed a human
     4 | D:1      | Noticed a vampire
     6 | D:1      | Noticed a naga
     6 | D:1      | Noticed a troll
     8 | D:1      | Noticed a merfolk
    10 | D:1      | Noticed a spriggan
    10 | D:1      | Noticed a vine stalker
    12 | D:1      | Noticed an octopode
    14 | D:1      | Noticed a dwarf
    16 | D:1      | Noticed a formicid
    16 | D:1      | Noticed a ghoul
    18 | D:1      | Noticed a demigod
    18 | D:1      | Noticed an elf
    20 | D:1      | Noticed a tengu
    20 | D:1      | Noticed a felid
    22 | D:1      | Noticed an ogre
    22 | D:1      | Noticed a demonspawn
    24 | D:1      | Noticed a gargoyle
    24 | D:1      | Noticed a draconian
    26 | D:1      | Noticed a centaur
    69 | D:1      | Reached skill level 6 in Stealth
   186 | D:1      | Reached XP level 2. HP: 9/22 MP: 2/2
   191 | D:1      | Gained mutation: You have an increased reservoir of magic (+10% MP). [potion of beneficial mutation]
   496 | D:2      | Gained mutation: Your muscles are strong. (Str +2) [potion of mutation]
   496 | D:2      | Gained mutation: You are robust (+10% HP). [potion of mutation]
   712 | D:2      | Noticed Jessica
   723 | D:2      | HP: 1/24 [goblin (1)]
   724 | D:2      | Slain by a goblin

Action                   || total
-------------------------++-------
Melee: Dagger            ||    40
  Use: Potion            ||     4
 Stab: Sleeping          ||     2
